 Dungeon Crawl Stone Soup version 0.17-a0-1411-g06ff558 (webtiles) character file.

212 urechis the Twirler (level 5, -3/30 HPs)
             Began as a Tengu Gladiator on June 23, 2015.
             Slain by a kobold (4 damage)
             ... on level 4 of the Dungeon.
             The game lasted 00:06:42 (3809 turns).

urechis the Twirler (Tengu Gladiator)               Turns: 3809, Time: 00:06:42

Health: -3/30      AC:  3    Str: 20    XL:     5   Next: 89%
Magic:  4/6        EV: 13    Int:  8    God:
Gold:   162        SH:  0    Dex: 16    Spells: 0 memorised, 4 levels left

rFire  . . .     SeeInvis .     a - +0 quarterstaff
rCold  . . .     Clarity  .     b - +0 leather armour
rNeg   . . .     SustAt   .     (no shield)
rPois  .         Gourm    .     c - +0 hat
rElec  .         Spirit   .     (no cloak)
rCorr  .         Warding  .     (no gloves)
rMut   .         Stasis   .     (boots unavailable)
MR     .....                    (no amulet)
Stlth  +.........               (no ring)
                                (no ring)

@: mighty, lethally poisoned (-3 -> -7), not resistant to hostile enchantments,
very unstealthy
A: beak, talons 3, able to fly 1
a: Fly


You were on level 4 of the Dungeon.
You were hungry.

You visited 1 branch of the dungeon, and saw 4 of its levels.

You collected 162 gold pieces.

Inventory:

Hand weapons
 a - a +0 quarterstaff (weapon)
Missiles
 d - 3 throwing nets (quivered)
Armour
 b - a +0 leather armour (worn)
 c - a +0 hat (worn)
Scrolls
 f - a scroll of identify {unknown}
 h - a scroll of random uselessness {unknown}
 j - 3 scrolls of fog {unknown}
 k - a scroll of blinking {unknown}
 m - a scroll of amnesia {unknown}
 p - a scroll of enchant armour {unknown}
 q - 3 scrolls of remove curse {unknown}
 r - a scroll of fear {unknown}
Potions
 i - a potion of cancellation
Comestibles
 e - 6 bread rations
 n - a meat ration


   Skills:
 - Level 2.0 Fighting
 + Level 7.0 Staves
 - Level 2.1 Throwing
 - Level 3.2 Dodging


You had 4 spell levels left.
You didn't know any spells.

Dungeon Overview and Level Annotations

Branches:
Dungeon (4/15)
 Temple: D:4-7

Altars:
Gozag
Makhleb
Sif Muna


Innate Abilities, Weirdness & Mutations

You have a beak for a mouth.
You have claws for feet.
You can fly.


Message History

The kobold throws a stone.
The stone closely misses you. The kobold hits you but does no damage.
You closely miss the kobold. Your kick misses the kobold. The kobold hits you.
* * * LOW HITPOINT WARNING * * *
The kobold throws a stone.
The stone hits you but does no damage. The kobold hits you but does no damage.
You barely miss the kobold.
* * * LOW HITPOINT WARNING * * *
You feel sick.
The kobold throws a stone.
The stone hits you but does no damage. The kobold barely misses you.
The kobold closely misses you.
You sock the kobold!
You kill the kobold!
The kobold hits you.
* * * LOW HITPOINT WARNING * * *
You barely miss the kobold. You claw the kobold.
You kill the kobold!
* * * LOW HITPOINT WARNING * * *
You feel sick. The kobold hits you.
You die...

..............(.........
..##.รท.......(..........
.####..##(........#####
## #####.....(.### #
#.......# #......##
#.(((...# #......K####
##......(@$(#########
##.......(.$((........
###.........#######.....
####...........# #.#
#..............##
#....###........## #...##
##..###...# #...# #..#
##..## #..## #..# ###.###


You could see a kobold.

Vanquished Creatures
  A big kobold (D:4)
  5 adders
  2 gnolls (D:2)
  A worm (D:3)
  A giant gecko (D:3)
  An orc (D:3)
  2 ball pythons
  7 goblins
  12 hobgoblins
  4 jackals
  A quokka (D:4)
  9 bats
  4 giant cockroaches
  3 giant newts
  19 kobolds
  3 rats
75 creatures vanquished.

Notes
Turn   | Place    | Note
--------------------------------------------------------------
     0 | D:1      | urechis the Tengu Gladiator began the quest for the Orb.
     0 | D:1      | Reached XP level 1. HP: 12/12 MP: 2/2
   145 | D:1      | Reached XP level 2. HP: 14/17 MP: 3/3
   227 | D:1      | Reached skill level 4 in Staves
  1011 | D:2      | Reached XP level 3. HP: 19/21 MP: 4/4
  1444 | D:3      | HP: 1/21 [poisoned by an adder]
  1455 | D:3      | Reached skill level 5 in Staves
  1723 | D:3      | Found a deep blue altar of Sif Muna.
  1770 | D:3      | Found an opulent altar of Gozag.
  1957 | D:3      | Reached XP level 4. HP: 22/26 MP: 5/5
  2001 | D:3      | Found a burning altar of Makhleb.
  3067 | D:4      | Reached skill level 6 in Staves
  3085 | D:4      | Gained mutation: You can fly. [Tengu growth]
  3085 | D:4      | Reached XP level 5. HP: 21/30 MP: 6/6
  3743 | D:4      | Noticed a big kobold
  3795 | D:4      | Killed a big kobold
  3799 | D:4      | Reached skill level 7 in Staves
  3809 | D:4      | HP: 1/30 [poisoned by a kobold]
  3809 | D:4      | Slain by a kobold

Vault maps used:
D:1:      dpeg_arrival_round_a
D:2:      first_bread, eino_curves_01
D:3:      lightli_temple_of_fire, nicolae_gozag_seed_capital, led_sif_book
D:4:      minmay_goblin_kobold_castle, kennysheep_orc_chapel

Action                   |  1- 3 |  4- 6 || total
-------------------------+-------+-------++-------
Melee: Quarterstaff      |    92 |    95 ||   187
 Abil: Fly               |       |     3 ||     3
  Use: Potion            |     3 |     2 ||     5
 Stab: Distracted        |     1 |       ||     1
       Sleeping          |     1 |       ||     1
  Eat: Chunk             |     3 |     1 ||     4
       Meat ration       |       |     1 ||     1
